 Dungeon Crawl Stone Soup version 0.28-a0-1616-g050a50673c (webtiles) character file.

Game seed: 8719945700330131196

128 tatocazan the Shield-Bearer (level 5, -4/42 HPs)
             Began as a Formicid Fighter on Jan 22, 2022.
             Slain by an orc (6 damage)
             ... on level 6 of the Dungeon.
             The game lasted 00:03:11 (3784 turns).

tatocazan the Shield-Bearer (Formicid Fighter)      Turns: 3784, Time: 00:03:12

Health: -4/42      AC:  7    Str: 23    XL:     5   Next: 33%
Magic:  5/5        EV:  9    Int:  7    God:
Gold:   144        SH:  4    Dex: 10    Spells: 4/4 levels left

rFire   . . .      SeeInvis +   a - +0 long sword
rCold   . . .      Faith    .   c - +0 buckler
rNeg    . . .      Spirit   .   b - +0 scale mail
rPois   .          Reflect  .   (helmet unavailable)
rElec   .          Harm     .   (no cloak)
rCorr   .          Rampage  .   (no gloves)
Will    .....                   (no boots)
Stlth   ..........              (no amulet)
HPRegen 0.14/turn               (no ring)
MPRegen 0.09/turn               (no ring)

@: mighty
A: permanent stasis, dig shafts and tunnels, antennae 3, four strong arms
a: Dig, Shaft Self


You were on level 6 of the Dungeon.
You visited 1 branch of the dungeon, and saw 4 of its levels.

You collected 144 gold pieces.

Inventory:

Hand Weapons
 a - a +0 long sword (weapon)
Missiles
 e - a throwing net
Armour
 b - a +0 scale mail (worn)
 c - a +0 buckler (worn)
Jewellery
 h - an amulet of faith
 k - a ring of poison resistance
Scrolls
 o - a scroll of magic mapping
Potions
 d - a potion of might
 l - a potion of magic
 p - a potion of ambrosia {unknown}
 q - a potion of resistance {unknown}


   Skills:
 + Level 4.2 Fighting
 + Level 3.0 Long Blades
 + Level 4.2 Armour
 + Level 4.6 Shields


You had 4 spell levels left.
You didn't know any spells.
Your spell library contained the following spells:

 Spells                   Type           Power      Damage    Failure   Level
 Shock                    Conj/Air       0%         1d3       80%         1
 Lesser Beckoning         Tloc           0%         N/A       99%         3
 Manifold Assault         Tloc           0%         N/A       100%        5
 Blink                    Tloc           Unusable   N/A       N/A         2

Dungeon Overview and Level Annotations

Branches:
Dungeon (3/15)

Altars:


Innate Abilities, Weirdness & Mutations

You cannot be hasted, slowed, berserked, paralysed or teleported.
You can dig through walls and to a lower floor.
You have a pair of large antennae on your head. (SInv)
Your four strong arms can wield two-handed weapons with a shield.


Message History

You feel very mighty all of a sudden.
A centaur comes into view.
You block the orc's attack. The orc wizard closely misses you.
An orc comes into view. It is wielding a +0 war axe.
The orc wizard casts a spell.
The orc wizard flickers and vanishes for a moment.
Unknown command.
You barely miss the orc wizard.
The centaur wields a +0 shortbow.
The centaur shoots an arrow.
The arrow hits you. The orc hits you but does no damage.
The centaur shoots an arrow.
The arrow closely misses you.
The arrow hits the orc wizard!
The orc hits you from afar with a +0 trident.
The orc wizard casts a spell at you. The magic dart hits you.
* * * LOW HITPOINT WARNING * * *
You take 7 damage, and have 9/42 hp.
You slash the orc wizard!
You kill the orc wizard!
The centaur shoots an arrow.
The arrow hits you.
* * * LOW HITPOINT WARNING * * *
The orc hits you with a +0 flail of holy wrath.
* * * LOW HITPOINT WARNING * * *
The orc wizard closely misses you. You block the orc's attack.
The centaur shoots an arrow.
The arrow barely misses you.
Your Long Blades skill increases to level 3!
You take 8 damage, and have 1/42 hp.
It was a potion of curing.
You feel better.
The centaur shoots an arrow.
The arrow hits you.
* * * LOW HITPOINT WARNING * * *
The orc hits you with a +0 flail of holy wrath.
* * * LOW HITPOINT WARNING * * *
The orc wizard hits you but does no damage.
You are lethally poisoned!
The orc barely misses you.
The orc hits you from afar with a +0 trident.
* * * LOW HITPOINT WARNING * * *
You feel better.
The centaur shoots an arrow.
The arrow hits you.
* * * LOW HITPOINT WARNING * * *
The orc hits you with a +0 flail of holy wrath.
You die...

## . . . .<##.
c.
#....#######...
...o...........
...............
......oo......#
......)@.o<...#
.......o......#
..............#
.....####...###
..... ...# ....
...# ### ..#
###


You could see a centaur, an orc wizard (invisible) and 4 orcs.

Vanquished Creatures
  An orc wizard (D:6)
  A hound skeleton (D:3)
  A gnoll (D:2)
  2 adders (D:3)
  A worm (D:3)
  A dart slug (D:1)
  2 orcs (D:3)
  8 bats
  5 endoplasms
  2 giant cockroaches (D:1)
  5 goblins
  4 hobgoblins
  9 jackals
  2 quokkas
  6 ball pythons
  10 frilled lizards
  4 kobolds (D:3)
  7 rats
71 creatures vanquished.

Vanquished Creatures (others)
  A plant (D:3)
1 creature vanquished.

Grand Total: 72 creatures vanquished

Notes
Turn   | Place    | Note
-------+----------+-------------------------------------------
     0 | D:1      | tatocazan the Formicid Fighter began the quest for the Orb.
     0 | D:1      | Reached XP level 1. HP: 18/18 MP: 1/1
   121 | D:1      | Reached XP level 2. HP: 8/24 MP: 2/2
   391 | D:1      | Reached XP level 3. HP: 24/29 MP: 3/3
  1482 | D:2      | Reached XP level 4. HP: 22/37 MP: 4/4
  3162 | D:3      | Reached XP level 5. HP: 38/42 MP: 5/5
  3627 | D:3      | Found a faded altar of an unknown god.
  3648 | D:3      | Got Plato's Incunabulum of Flight
  3779 | D:3      | You fall into a shaft and drop 3 floors!
  3780 | D:6      | Noticed a centaur
  3782 | D:6      | HP: 1/42 [orc (4)]
  3784 | D:6      | Slain by an orc

Illustrated notes

Levels and vault maps discovered:
D:1:      dpeg_arrival_three_smaller_balls, layout_basic
D:2:      layout_basic, interstate_on_off
D:3:      minmay_bubble_buster, layout_basic,
          shapermc_ecumenical_altar_rom_forum, kennysheep_generic_room_11
D:6:      layout_basic, serial_shops,
          nicolae_shop_temple_entry_statues_fountains, gup_sewer_entry_glass

Skill      XL: |  1  2  3  4  5 |
---------------+----------------+-----
Shields        | 4 |  4.6
Armour         | 4 |  4.2
Fighting       | 4 |  4.2
Long Blades    | 3 |  3.0

Action                   |  1- 3 |  4- 6 || total
-------------------------+-------+-------++-------
Melee: Long sword        |   135 |   114 ||   249
 Abil: Shaft Self        |       |     1 ||     1
  Use: Scroll            |       |     6 ||     6
       Potion            |       |     3 ||     3
Armor: Scale mail        |   104 |    64 ||   168
Dodge: Dodged            |   106 |    76 ||   182
Block: Buckler           |    32 |    40 ||    72

Table legend: (Time is in decaauts)
 A = Elapsed time spent in this place.
 B = Non-inter-level travel time spent in this place.
 C = Inter-level travel time spent in this place.
 D = Time resting spent in this place.
 E = Time spent auto-exploring this place.
 F = Levels seen in this place.
 G = Mean time per level.
                   A        B        C        D        E       F      G
               +--------+--------+--------+--------+--------+-----+--------+
         Total |   3864 |   3729 |    135 |    990 |   2148 |   4 |  966.0 |
       Dungeon |   3864 |   3729 |    135 |    990 |   2148 |   4 |  966.0 |
               +--------+--------+--------+--------+--------+-----+--------+

Top non-repeatable levels by time:
     D:2: 1796 daAuts
     D:3: 1156 daAuts
     D:1: 906 daAuts
     D:6: 5 daAuts
